 Dungeon Crawl Stone Soup version 0.30-a0-802-gb92711bcdf (webtiles) character file.

Game seed: 13815383608188733274

9 BlueFish the Sneak (level 2, 0/19 HPs)
             Began as a Vampire Enchanter on Feb 24, 2023.
             Slain by a rat (1 damage)
             ... on level 1 of the Dungeon.
             The game lasted 00:00:23 (82 turns).

BlueFish the Sneak (Vampire Enchanter)                Turns: 82, Time: 00:00:24

Health: 0/19       AC:  2    Str:  7    XL:     2   Next: 3%
Magic:  5/5        EV: 12    Int: 17    God:
Gold:   12         SH:  0    Dex: 14    Spells: 5/5 levels left

rFire   . . .      SeeInvis +    a - +1 dagger
rCold   . . .      Faith    .    (no shield)
rNeg    . . .      Spirit   .    b - +0 robe
rPois   .          Reflect  .    (no helmet)
rElec   .          Harm     .    (no cloak)
rCorr   .          Rampage  .    (no gloves)
Will    .....                    (no boots)
Stlth   +++                      (no amulet)
HPRegen 0.43/turn                (no ring)
MPRegen 0.09/turn                (no ring)

@: healing quickly
A: alive, fangs 3, see invisible, vampiric 1
a: Exsanguinate


You were on level 1 of the Dungeon.
You visited 1 branch of the dungeon, and saw 1 of its levels.

You collected 12 gold pieces.

Inventory:

Hand Weapons
 a - a +1 dagger (weapon)
Armour
 b - a +0 robe (worn)
Potions
 c - 2 potions of invisibility


   Skills:
 + Level 0.2 Fighting
 + Level 1.3 Short Blades
 + Level 0.2 Armour
 + Level 2.2 Dodging
 + Level 4.5 Stealth
 + Level 2.1 Spellcasting
 + Level 4.5 Hexes


You had 5 spell levels left.
You didn't know any spells.
Your spell library contained the following spells:

 Spells                   Type           Power      Damage    Failure   Level
 Confusing Touch          Hex            17%        N/A       9%          3
 Tukima's Dance           Hex            17%        N/A       9%          3
 Ensorcelled Hibernation  Hex/Ice        18%        N/A       12%         2
 Dazzling Flash           Conj/Hex       18%        N/A       22%         3


Dungeon Overview and Level Annotations

Branches:
Dungeon (1/15)

Altars:


Innate Abilities, Weirdness & Mutations

Your natural rate of healing is accelerated.
You have razor-sharp teeth.
You have supernaturally acute eyesight. (SInv)
You are afflicted with vampirism.


Message History

The giant cockroach bites you.
You hit the giant cockroach but do no damage.
The giant cockroach is severely wounded.
The giant cockroach bites you but does no damage.
You hit the giant cockroach.
You kill the giant cockroach!
You hit the hobgoblin but do no damage. Your bite misses the hobgoblin.
The hobgoblin is moderately wounded.
The hobgoblin closely misses you.
You barely miss the hobgoblin. Your bite misses the hobgoblin.
The hobgoblin is moderately wounded.
You hit the goblin.
You kill the goblin!
The hobgoblin barely misses you. The rat bites you.
You have reached level 2!
The hobgoblin misses you.
Things that are here:
a +0 dagger; a goblin corpse The hobgoblin attacks as you move away!
The hobgoblin closely misses you.
A hobgoblin comes into view.
You hit the hobgoblin.
The hobgoblin is severely wounded.
The hobgoblin misses you. The hobgoblin closely misses you.
The rat twitches its whiskers.
You barely miss the hobgoblin.
The hobgoblin is severely wounded.
The hobgoblin hits you.
The hobgoblin hits you but does no damage.
The rat misses you.
You hit the hobgoblin but do no damage.
The hobgoblin is severely wounded.
The hobgoblin hits you.
* * * LOW HITPOINT WARNING * * *
The hobgoblin misses you. The rat barely misses you.
You hit the hobgoblin.
The hobgoblin is almost dead.
The hobgoblin closely misses you. The hobgoblin hits you.
* * * LOW HITPOINT WARNING * * *
The rat bites you.
You die...

................††..###
...........?...).†......
.............##....##...
....$...###..#..##......
...............## ####.
.............###
.............#
........g....#
.......@#.#.....
......rg#.#..g.#
#######)###.....
#......... ##.......#
#...... ...... ......
.....


You could see 2 hobgoblins and a rat.

Vanquished Creatures
  3 ball pythons (D:1)
  2 giant cockroaches (D:1)
  2 goblins (D:1)
7 creatures vanquished.

Notes
Turn   | Place    | Note
-------+----------+-------------------------------------------
     0 | D:1      | BlueFish the Vampire Enchanter began the quest for the Orb.
     0 | D:1      | Reached XP level 1. HP: 13/13 MP: 3/3
    76 | D:1      | Reached XP level 2. HP: 9/19 MP: 5/5
    82 | D:1      | Slain by a rat

Illustrated notes

Levels and vault maps discovered:
D:1:      erik_arrival_blinker_ship, layout_rooms,
          hellmonk_ecumenical_altar_lost_god, minmay_misc_feat_room

Action                     || total
---------------------------++-------
  Melee: Dagger            ||    36
         Bite              ||     3
         Punch             ||     1
   Stab: Sleeping          ||     2
 Armour: Robe              ||    10
  Dodge: Dodged            ||    29

Table legend: (Time is in decaauts)
 A = Elapsed time spent in this place.
 B = Non-inter-level travel time spent in this place.
 C = Inter-level travel time spent in this place.
 D = Time resting spent in this place.
 E = Time spent auto-exploring this place.
 F = Levels seen in this place.
 G = Mean time per level.
                   A        B        C        D        E       F      G
               +--------+--------+--------+--------+--------+-----+--------+
         Total |     80 |     80 |      0 |      0 |     21 |   1 |   80.0 |
       Dungeon |     80 |     80 |      0 |      0 |     21 |   1 |   80.0 |
               +--------+--------+--------+--------+--------+-----+--------+

Top non-repeatable levels by time:
     D:1: 80 daAuts
